 Dungeon Crawl Stone Soup version 0.29-a0-824-gd827844252 (webtiles) character file.

Game seed: 8187711008264565083

2458 Malachi the Fighter (level 9, -10/70 HPs)
             Began as a Djinni Ice Elementalist on July 10, 2022.
             Was a Follower of Makhleb.
             Mangled by a wyvern (16 damage)
             ... on level 8 of the Dungeon.
             The game lasted 00:10:06 (8976 turns).

Malachi the Fighter (Djinni Ice Elementalist)       Turns: 8976, Time: 00:10:07

Health: -10/70     AC:  2    Str: 10    XL:     9   Next: 79%
Gold:   365        EV: 12    Int: 22    God:    Makhleb [*.....] SH:  0 Dex: 19

rFire   + + .      SeeInvis .   k - staff of earth
rCold   . . .      Faith    .   (no shield)
rNeg    . . .      Spirit   .   a - +0 robe
rPois   ∞          Reflect  .   (no helmet)
rElec   +          Harm     .   (no cloak)
rCorr   .          Rampage  .   (no gloves)
Will    +....                   (boots unavailable)
Stlth   ++........              (no amulet)
HPRegen 0.21/turn               n - ring of protection from cold
MPRegen 0.00/turn               h - ring of Butchery {rElec Will+ Str+3 Dex+6}

@: flying, hasted, very quick
A: sickness immunity, fire resistance 2, cold vulnerability 1, float, innate
caster, HP casting, extra vitality 1
a: Renounce Religion


You were on level 8 of the Dungeon.
You worshipped Makhleb.
Makhleb was aware of your devotion.
You visited 2 branches of the dungeon, and saw 9 of its levels.

You collected 365 gold pieces.

Inventory:

Armour
 a - a +0 robe (worn)
Magical Staves
 c - a staff of air
 k - a staff of earth (weapon)
Jewellery
 h - the ring of Butchery (right hand) {rElec Will+ Str+3 Dex+6}
   (You found it on level 2 of the Dungeon)

   [ring of dexterity]

   Str:       It affects your strength (+3).
   Dex:       It affects your dexterity (+6).
   rElec:     It insulates you from electricity.
   Will:      It increases your willpower.
 n - a ring of protection from cold (left hand)
Wands
 l - a wand of flame (7)
 y - a wand of light (11)
Scrolls
 b - a scroll of torment {unknown}
 d - 6 scrolls of teleportation
 e - 2 scrolls of enchant weapon {unknown}
 f - 4 scrolls of identify {unknown}
 g - 2 scrolls of immolation {unknown}
 i - 3 scrolls of poison {unknown}
 o - a scroll of noise {unknown}
 p - a scroll of silence {unknown}
 s - a scroll of fear {unknown}
 t - a scroll of magic mapping {unknown}
 w - a scroll of fog {unknown}
Potions
 j - a potion of haste
 m - 2 potions of curing {unknown}
 q - 2 potions of flight {unknown}
 r - a potion of attraction {unknown}
 u - 2 potions of lignification {unknown}
 v - a potion of brilliance {unknown}
 x - a potion of mutation {unknown}
 z - a potion of might {unknown}


   Skills:
 * Level 8.3 Fighting
 - Level 2.1 Dodging
 - Level 1.5 Stealth
 - Level 8.0 Spellcasting


You had 4 spell levels left.
You knew the following spells:

 Your Spells              Type           Power      Damage    Failure   Level
a - Freeze                Ice            100%       1d11      1%          1
b - Frozen Ramparts       Ice            88%        1d10      1%          3
c - Ozocubu's Armour      Ice            44%        N/A       1%          3
d - Hailstorm             Conj/Ice       44%        3d10      2%          4
e - Sandblast             Erth           100%       2d20      1%          1
f - Blink                 Tloc           88%        N/A       1%          2
g - Searing Ray           Conj           88%        2d7       1%          2
h - Olgreb's Toxic Radia  Pois           44%        N/A       2%          4
Your spell library was empty.

Dungeon Overview and Level Annotations

Branches:
Dungeon (8/15)             Temple (1/1) D:4
   Lair: D:8-11

Altars:
Ashenzari
Cheibriados
Dithmenos
Elyvilon
Fedhas
Gozag
Hepliaklqana
Makhleb
Nemelex Xobeh
Okawaru
Qazlal
Ru
Trog
Wu Jian
Xom
Yredelemnul
Zin
The Shining One

Shops:
D:2 :?*


Innate Abilities, Weirdness & Mutations

You are immune to sickness and miasma.
You are immune to poison.
Your flesh is very heat resistant. (rF++)
You are vulnerable to cold. (rC-)
You float through the air rather than walking.
You learn spells naturally, not from books.
Your magical power is your life essence.
You have superior vitality. (+4 MHP)


Message History

A wyvern comes into view.
The water moccasin bites you! The water moccasin bites you.
Aiming: Sandblast (safe; 1% risk of failure)
Press: ? - help, Q - select action, (/) - cycle Shift-Dir - straight line, f/p - water moccasin
Aim: a water moccasin (heavily wounded, 73% to hit)
You feel a surge of power!
The blast of sand hits the water moccasin!
You kill the water moccasin!
Makhleb accepts your kill. The black bear bites you.
The black bear barely misses you. The black bear closely misses you.
The black bear bites you! The black bear barely misses you.
The black bear claws you.
Aiming: Sandblast (safe; 1% risk of failure)
Press: ? - help, Q - select action, (/) - cycle Shift-Dir - straight line, f - black bear
Aim: a black bear (88% to hit)
You feel a surge of power!
The blast of sand hits the black bear!!
The black bear is severely wounded.
The black bear bites you! The black bear closely misses you.
The black bear barely misses you.
The black bear goes berserk!
The wyvern completely misses you.
Aiming: Sandblast (safe; 1% risk of failure)
Press: ? - help, Q - select action, (/) - cycle Shift-Dir - straight line, f/p - black bear
Aim: a black bear (severely wounded, berserk, 88% to hit)
You feel a surge of power!
The blast of sand hits the black bear!
The black bear is almost dead.
The black bear misses you. x2; The black bear barely misses you.
The wyvern bites you. The black bear barely misses you.
The black bear misses you. The black bear barely misses you.
The wyvern bites you. The black bear bites you!
* * * LOW HITPOINT WARNING * * *
The black bear barely misses you. The black bear claws you.
* * * LOW HITPOINT WARNING * * *
The wyvern closely misses you.
Okay, then.
It was a potion of haste.
You feel yourself speed up. The black bear bites you.
* * * LOW HITPOINT WARNING * * *
The black bear claws you.
* * * LOW HITPOINT WARNING * * *
The black bear closely misses you. The wyvern bites you!
You die...

.....##........
...##
##..........
..# ..........
#.........
.......≈.
...!..≈≈≈
#......≈≈
#.l......
#@h......
##.......
....... #......
...... ......
..... .....


You could see a black bear (berserk) and a wyvern.

Vanquished Creatures
  The ghost of paps the Sneak, a novice OpGl of Gozag (D:7)
  Grinder (D:3)
  An acid dragon (D:8)
  A water moccasin (D:8)
  An ice beast (D:7)
  2 black bears
  A sky beast (D:7)
  2 phantoms
  A bullfrog (D:7)
  A necrophage (D:5)
  2 scorpions (D:6)
  3 wights (D:7)
  A howler monkey (D:5)
  2 orc priests
  3 hounds
  4 jellies
  2 gnoll boudas
  An orc wizard (D:7)
  14 gnolls
  3 adders
  A shadow imp (D:7)
  A white imp (D:6)
  An ufetubus (D:7)
  2 worms
  A dart slug (D:2)
  12 orcs
  3 bats
  8 endoplasms
  5 giant cockroaches
  7 goblins
  7 hobgoblins
  6 kobolds
  A quokka (D:3)
  7 ball pythons
  3 frilled lizards
  6 rats
118 creatures vanquished.

Vanquished Creatures (others)
  2 fungi (D:8)
  7 plants (D:8)
9 creatures vanquished.

Grand Total: 127 creatures vanquished

Notes
Turn   | Place    | Note
-------+----------+-------------------------------------------
     0 | D:1      | Malachi the Djinni Ice Elementalist began the quest for the
                  | Orb.
     0 | D:1      | Malachi set off with the following spells memorised:
                  | Freeze, Frozen Ramparts, Ozocubu's Armour, Hailstorm.
     0 | D:1      | Reached XP level 1. HP: 15/15 MP: 0/0
   506 | D:1      | Reached XP level 2. HP: 15/21 MP: 0/0
  1243 | D:1      | Reached XP level 3. HP: 13/25 MP: 0/0
  1243 | D:1      | Learned a level 1 spell: Sandblast
  1614 | D:2      | Found Imaehacw's General Store.
  1636 | D:2      | Found Quxa's Magic Scroll Boutique.
  1705 | D:2      | Found Sesou's Book Boutique.
  1790 | D:2      | Identified the ring of Butchery {rElec Will+ Str+3 Dex+6}
  1822 | D:2      | Found a faded altar of an unknown god.
  1822 | D:2      | Noticed a rust devil
  2192 | D:3      | Reached XP level 4. HP: 24/31 MP: 0/0
  2764 | D:3      | Noticed Grinder
  3782 | D:4      | Noticed a phantom
  3786 | D:4      | Killed a phantom
  3787 | D:4      | Reached skill level 5 in Spellcasting
  3787 | D:4      | Reached XP level 5. HP: 28/35 MP: 0/0
  3787 | D:4      | Learned a level 2 spell: Blink
  3865 | D:4      | Reached XP level 6. HP: 31/40 MP: 0/0
  4352 | D:4      | Found a glowing golden altar of the Shining One.
  4573 | D:4      | Found a staircase to the Ecumenical Temple.
  4854 | Temple   | Entered the Ecumenical Temple
  5006 | D:3      | Found a burning altar of Makhleb.
  5061 | D:3      | Killed Grinder
  5062 | D:3      | Reached XP level 7. HP: 14/45 MP: 0/0
  5062 | D:3      | Learned a level 2 spell: Searing Ray
  5297 | D:3      | Became a worshipper of Makhleb the Destroyer
  5597 | D:5      | Entered Level 5 of the Dungeon
  6035 | D:5      | Reached XP level 8. HP: 50/50 MP: 0/0
  6611 | D:5      | Found a sparkling altar of Nemelex Xobeh.
  6637 | D:6      | Found an iron altar of Okawaru.
  6741 | D:6      | Found a glowing silver altar of Zin.
  6755 | D:6      | Reached skill level 1 in Fighting
  6915 | D:6      | Reached * piety under Makhleb
  7682 | D:7      | Found a runed translucent door.
  7689 | D:7      | Noticed paps's ghost (novice OpGl)
  7779 | D:7      | Killed paps's ghost
  7780 | D:7      | Reached XP level 9. HP: 44/67 MP: 0/0
  7780 | D:7      | Learned a level 4 spell: Olgreb's Toxic Radiance
  7901 | D:7      | Found a broken altar of Ashenzari.
  7962 | D:7      | Found a blossoming altar of Fedhas.
  8976 | D:8      | Mangled by a wyvern

Illustrated notes

Levels and vault maps discovered:
D:1:      nzn_arrival_settlement, layout_loops_ring
D:2:      layout_loops_ring, serial_shops, nicolae_square_shop,
          nicolae_shop_stone, nicolae_shop_crystal,
          dreamdust_ecumenical_altar_sealed_demon, serial_rivers,
          chequers_serial_rivers_small_a, chequers_serial_rivers_room_a,
          chequers_serial_rivers_micro_e, chequers_serial_rivers_micro_b
D:3:      layout_rooms, lemuel_tele_altar, grunt_decor_junction,
          minmay_fountain_box, uniq_grinder
D:4:      layout_basic, tso_metal_star, minmay_temple_entry_nine_rooms
D:5:      layout_basic, nemelex_diamond_rough_becter, hangedman_glass_teeth,
          minmay_statues_item
D:6:      layout_basic, lemuel_crystal_altar, mainiacjoe_overflow_divided_tiny,
          amcnicky_mini_rare_corridor_liquid, uniq_crazy_yiuf_cottage
D:7:      layout_loops_corners, ashenzari_altar_1,
          mainiacjoe_overflow_tiny_flanked, ebering_ghost_reflecting_pool,
          hangedman_abyss_or_decor_lesser_grid
D:8:      layout_cave_pods, minmay_lair_entry_grove, serial_rivers,
          chequers_serial_rivers_room_a, chequers_serial_rivers_micro_d,
          chequers_serial_rivers_micro_e, chequers_serial_rivers_micro_c,
          chequers_serial_rivers_small_a, chequers_serial_rivers_small_a
Temple:   dshaligram_water_room_temple

Skill      XL: |  1  2  3  4  5  6  7  8  9 |
---------------+----------------------------+-----
Spellcasting   | 4 5 6 7 8 |  8.0
Fighting       | 6 8 |  8.3
Dodging        | |  2.1
Stealth        | |  1.5

Action                   |  1- 3 |  4- 6 |  7- 9 || total
-------------------------+-------+-------+-------++-------
Melee: Unarmed           |     3 |       |       ||     3
       Staff             |     7 |    19 |       ||    26
       Punch             |     1 |       |       ||     1
 Cast: Freeze            |    41 |    30 |       ||    71
       Frozen Ramparts   |     1 |     3 |     4 ||     8
       Sandblast         |       |    29 |    87 ||   116
       Ozocubu's Armour  |       |     3 |     1 ||     4
       Olgreb's Toxic Ra |       |       |     1 ||     1
  Use: Scroll            |       |     1 |       ||     1
       Potion            |       |       |     1 ||     1
 Stab: Sleeping          |       |     1 |       ||     1
Armor: Robe              |     6 |    16 |     5 ||    27
Dodge: Dodged            |    29 |    46 |    45 ||   120

Table legend: (Time is in decaauts)
 A = Elapsed time spent in this place.
 B = Non-inter-level travel time spent in this place.
 C = Inter-level travel time spent in this place.
 D = Time resting spent in this place.
 E = Time spent auto-exploring this place.
 F = Levels seen in this place.
 G = Mean time per level.
                   A        B        C        D        E       F      G
               +--------+--------+--------+--------+--------+-----+--------+
         Total |   9094 |   8580 |    514 |   1833 |   5823 |   9 | 1010.4 |
       Dungeon |   9001 |   8511 |    490 |   1833 |   5764 |   8 | 1125.1 |
        Temple |     93 |     69 |     24 |      0 |     59 |   1 |   93.0 |
               +--------+--------+--------+--------+--------+-----+--------+

Top non-repeatable levels by time:
     D:3: 1640 daAuts
     D:1: 1614 daAuts
     D:7: 1496 daAuts
     D:4: 1222 daAuts
     D:2: 1067 daAuts
     D:5: 1050 daAuts
     D:6: 888 daAuts
  Temple: 93 daAuts
     D:8: 20 daAuts
